 Dungeon Crawl Stone Soup version 0.27.1 (webtiles) character file.

Game seed: 532651277614905672

310 bnorton916 the Conjurer (level 6, 0/32 HPs)
             Began as a Deep Elf Conjurer on Aug 23, 2021.
             Shot with an arrow by a centaur (12 damage)
             ... on level 4 of the Dungeon.
             The game lasted 00:04:55 (3614 turns).

bnorton916 the Conjurer (Deep Elf Conjurer)         Turns: 3614, Time: 00:04:56

Health: 0/32       AC:  3    Str:  5    XL:     6   Next: 17%
Magic:  16/16      EV: 16    Int: 24    God:
Gold:   156        SH:  0    Dex: 13    Spells: 4/16 levels left

rFire    . . .     SeeInvis .   (no weapon)
rCold    . . .     Faith    .   (no shield)
rNeg     . . .     Spirit   .   a - +0 robe
rPois    .         Reflect  .   (no helmet)
rElec    .         Harm     .   (no cloak)
rCorr    .         Rampage  .   (no gloves)
Will     .....                  m - +0 pair of boots
Stlth    +.........             (no amulet)
HPRegen  0.10/turn              n - +4 ring of evasion
MPRegen  0.15/turn              (no ring)

@: confused, ambrosia-drunk, attractive
A: no striking features
a: no special abilities


You were on level 4 of the Dungeon.
You visited 1 branch of the dungeon, and saw 4 of its levels.

You collected 156 gold pieces.

Inventory:

Missiles
 g - 118 stones
Armour
 a - a +0 robe (worn)
 m - a +0 pair of boots (worn)
Magical Staves
 l - a staff of poison
Jewellery
 n - a +4 ring of evasion (left hand)
Scrolls
 c - 2 scrolls of immolation {unknown}
 d - 4 scrolls of holy word {unknown}
 e - a scroll of vulnerability {unknown}
 f - 5 scrolls of identify {unknown}
 h - a scroll of enchant armour {unknown}
 i - a scroll of teleportation {unknown}
 o - a scroll of enchant weapon {unknown}
 p - a scroll of noise {unknown}
 q - a scroll of torment {unknown}
Potions
 b - a potion of invisibility {unknown}
 j - a potion of ambrosia
 r - a potion of curing {unknown}


   Skills:
 - Level 2.4 Dodging
 - Level 2.4 Stealth
 - Level 5.5 Spellcasting
 - Level 5.9 Conjurations
 + Level 2.4 Hexes
 + Level 1.9 Summonings
 + Level 2.0 Translocations


You had 4 spell levels left.
You knew the following spells:

 Your Spells              Type           Power      Damage    Failure   Level
a - Magic Dart            Conj           100%       1d8       1%          1
b - Searing Ray           Conj           70%        3d5       1%          2
c - Fulminant Prism       Conj/Hex       13%        3d9       14%         4
d - Iskenderun's Mystic   Conj/Tloc      25%        2d7       16%         4
e - Summon Small Mammal   Summ           64%        N/A       3%          1

Your spell library contained the following spells:

 Spells                   Type           Power      Damage    Failure   Level
 Dazzling Flash           Conj/Hex       52%        N/A       4%          3
 Summon Guardian Golem    Hex/Summ       17%        N/A       10%         3
 Call Canine Familiar     Summ           16%        N/A       11%         3


Dungeon Overview and Level Annotations

Branches:
Dungeon (4/15)
 Temple: D:4-7

Altars:
Elyvilon
Yredelemnul

Shops:
D:3 (   D:4 *


Message History

You open the door.
There is an open door here.
You open the door.
There is an open door here.
Found a white marble altar of Elyvilon.
An orc and a centaur come into view.
Casting: Magic Dart (safe; 1% risk of failure)
Confirm with . or Enter, or press ? or * to list all spells.
Aiming: Magic Dart (safe; 1% risk of failure)
Press: ? - help, Shift-Dir - straight line, f - orc
Aim: an orc, wielding a +0 war axe (asleep, 100% to hit)
The magic dart hits the orc.
The orc is lightly wounded.
The orc shouts!
You hear a shout!
A hobgoblin comes into view.
Casting: Magic Dart (safe; 1% risk of failure)
Confirm with . or Enter, or press ? or * to list all spells.
Aiming: Magic Dart (safe; 1% risk of failure)
Press: ? - help, Shift-Dir - straight line, f/p - orc
Aim: an orc, wielding a +0 war axe (lightly wounded, 100% to hit)
The magic dart hits the orc.
The orc is moderately wounded.
The centaur wields a +2 vorpal shortbow.
The centaur shoots an arrow.
The arrow hits you.
The centaur shoots an arrow.
The arrow misses you.
The centaur shoots an arrow.
The arrow hits you!
* * * LOW HITPOINT WARNING * * *
The centaur shoots an arrow.
The arrow misses you.
Casting: Magic Dart (safe; 1% risk of failure)
Confirm with . or Enter, or press ? or * to list all spells.
Aiming: Searing Ray (safe; 1% risk of failure)
Press: ? - help, Shift-Dir - straight line, f - you, p - orc
Okay, then.
It was a potion of ambrosia.
You are confused.
You feel invigorated.
It was a potion of attraction.
You feel attractive to monsters.
The centaur shoots an arrow.
The arrow hits you!
You die...

.....#......####..##.#
.....##########....#.############
.....'..>............)...........
.)...####....##(.≈.######.#####.#
.....# #....##..≈.# #.# #.#
.##### ########.≈.# #.# ##.. ...
#.≈.# #.####... #### #...#
#........ #@..# ###....#. #.P.#
#...... #.P.# #..≈.∩. #.P.#
#...... #cP.# #....≈. ######.o.#
##..... #....g...# ###...
#o....._.# #... .g...c....# ####


You could see a centaur, an orc and a hobgoblin.

Vanquished Creatures
  2 ogres
  A howler monkey skeleton (D:4)
  7 adders
  An ufetubus (D:4)
  2 worms
  An orc (D:3)
  7 bats
  4 endoplasms
  3 giant cockroaches
  7 goblins
  4 hobgoblins
  3 jackals (D:1)
  3 quokkas
  4 ball pythons
  6 frilled lizards
  A jackal skeleton (D:4)
  6 kobolds
  5 rats
67 creatures vanquished.

Notes
Turn   | Place    | Note
-------+----------+-------------------------------------------
     0 | D:1      | bnorton916 the Deep Elf Conjurer began the quest for the
                  | Orb.
     0 | D:1      | Reached XP level 1. HP: 10/10 MP: 6/6
   252 | D:1      | Reached XP level 2. HP: 15/15 MP: 2/8
  1123 | D:2      | Reached XP level 3. HP: 19/19 MP: 3/10
  1126 | D:2      | Learned a level 2 spell: Searing Ray
  1229 | D:2      | Reached skill level 5 in Conjurations
  1399 | D:2      | Found a faded altar of an unknown god.
  1494 | D:2      | Reached XP level 4. HP: 24/24 MP: 7/12
  1670 | D:2      | Noticed an ogre
  1675 | D:2      | Killed an ogre
  1676 | D:2      | Reached skill level 5 in Spellcasting
  1676 | D:2      | Reached XP level 5. HP: 28/28 MP: 6/15
  1930 | D:2      | Learned a level 4 spell: Fulminant Prism
  1935 | D:2      | Learned a level 4 spell: Iskenderun's Mystic Blast
  1937 | D:2      | Learned a level 1 spell: Summon Small Mammal
  2319 | D:3      | Found Qeirri's Antique Weapon Shoppe.
  2718 | D:3      | Found a basalt altar of Yredelemnul.
  2739 | D:3      | Reached skill level 1 in Hexes
  3143 | D:4      | Found Ytat Yju's Elemental Accessories.
  3162 | D:4      | Noticed an ogre
  3164 | D:4      | Reached skill level 1 in Summonings
  3164 | D:4      | Reached skill level 1 in Translocations
  3182 | D:4      | Killed an ogre
  3183 | D:4      | Reached XP level 6. HP: 32/32 MP: 6/16
  3598 | D:4      | Found a white marble altar of Elyvilon.
  3614 | D:4      | Shot with an arrow by a centaur

Illustrated notes

Levels and vault maps discovered:
D:1:      lightli_molten_gateway, layout_loops_ring, minmay_lizard_pond
D:2:      minmay_spotlight, layout_rooms, chequers_ecumenical_altar_simple,
          grunt_ministairs_8
D:3:      layout_basic, overflow_temple_1_default, serial_shops,
          nicolae_shop_crystal
D:4:      layout_basic, mainiacjoe_overflow_boulevard, corexii_checkpoint_b,
          nicolae_elemental_shop

Skill      XL: |  1  2  3  4  5  6 |
---------------+-------------------+-----
Spellcasting   | 4 5 |  5.5
Conjurations   | 5 |  5.9
Hexes          | 2 |  2.4
Summonings     | 1 |  1.9
Translocations | 1 2 |  2.0
Dodging        | |  2.4
Stealth        | |  2.4

Action                   |  1- 3 |  4- 6 || total
-------------------------+-------+-------++-------
 Cast: Magic Dart        |    53 |    67 ||   120
       Searing Ray       |     1 |     3 ||     4
  Use: Potion            |       |     2 ||     2
Dodge: Dodged            |     1 |     3 ||     4
